 Seeded DCSS version 0.30-a0-125-g51eefa89be (webtiles) character file.

Game seed: 18053537605390411477 (custom seed)

59 valliere the Gusty (level 4, -1/25 HPs)
             Began as a Tengu Air Elementalist on Sept 18, 2022.
             Shot with a bolt by an orc (5 damage)
             ... on level 3 of the Dungeon.
             The game lasted 00:05:09 (2671 turns).

valliere the Gusty (Tengu Air Elementalist)         Turns: 2671, Time: 00:05:12

Health: -1/25      AC:  3    Str:  8    XL:     4   Next: 3%
Magic:  7/8        EV: 13    Int: 16    God:
Gold:   169        SH:  0    Dex: 16    Spells: 6/7 levels left

rFire   . . .      SeeInvis .    f - +0 dagger
rCold   + . .      Faith    .    (no shield)
rNeg    . . .      Spirit   .    a - +0 robe
rPois   .          Reflect  .    (helmet restricted)
rElec   .          Harm     .    (no cloak)
rCorr   .          Rampage  .    o - +0 pair of gloves
Will    .....                    (boots unavailable)
Stlth   ++........               (no amulet)
HPRegen 0.08/turn                e - ring of protection from cold
MPRegen 0.11/turn                (no ring)

@: no status effects
A: beak, talons 3
a: no special abilities


You were on level 3 of the Dungeon.
You visited 1 branch of the dungeon, and saw 3 of its levels.

You collected 169 gold pieces.

Inventory:

Hand Weapons
 f - a +0 dagger (weapon)
Armour
 a - a +0 robe (worn)
 o - a +0 pair of gloves (worn)
Jewellery
 e - a ring of protection from cold (left hand)
Scrolls
 g - a scroll of butterflies {unknown}
 j - 2 scrolls of teleportation {unknown}
 m - a scroll of identify {unknown}
 n - 2 scrolls of enchant armour {unknown}
 p - a scroll of amnesia {unknown}
Potions
 b - a potion of magic
 c - 2 potions of mutation {unknown}
 d - a potion of invisibility {unknown}
 h - 3 potions of berserk rage {unknown}
 i - a potion of flight {unknown}
 k - a potion of heal wounds {unknown}
 l - a potion of curing {unknown}
 q - a potion of haste {unknown}


   Skills:
 + Level 1.1 Fighting
 * Level 2.0 Ranged Weapons
 + Level 2.8 Dodging
 - Level 2.1 Stealth
 - Level 2.1 Spellcasting
 - Level 1.6 Conjurations
 + Level 4.5 Air Magic


You had 6 spell levels left.
You knew the following spells:

 Your Spells              Type           Power      Damage    Failure   Level
a - Shock                 Conj/Air       44%        1d5       6%          1

Your spell library contained the following spells:

 Spells                   Type           Power      Damage    Failure   Level
 Static Discharge         Conj/Air       22%        2-3/arc   9%          2
 Swiftness                Air            16%        N/A       10%         3
 Airstrike                Air            8%         2d(2-18)  30%         4


Dungeon Overview and Level Annotations

Branches:
Dungeon (3/15)

Altars:

Shops:
D:1 =!=


Innate Abilities, Weirdness & Mutations

You have a beak for a mouth.
You have claws for feet.


Message History

A ball python comes into view.
Found 7 stones and 10 gold pieces.
The zap hits the ball python.
You kill the ball python!
Your Ranged Weapons skill increases to level 2!
You can't see any susceptible monsters within range! (Use Z to cast anyway.) Magic restored.
There is an open door here.
You now have 156 gold pieces (gained 10).
You open the door.
There is an open door here.
q - a pink potion
Found 6 stones.
A kobold comes into view. It is wielding a +0 whip.
The zap hits the kobold.
The kobold is moderately wounded.
The kobold shouts!
The zap misses the kobold.
The zap hits the kobold.
The kobold is heavily wounded.
The zap misses the kobold.
You miscast Shock.
You are very lightly contaminated with residual magic.
Nothing appears to happen.
The zap hits the kobold.
You kill the kobold!
Your magical contamination has completely faded away.
j - 2 scrolls labelled JEBOUL CUFA (gained 1)
You now have 169 gold pieces (gained 13).
Found a stone staircase leading down.
There is an open door here.
There is an open door here.
An orc comes into view.
It is wielding the +9 heavy crossbow "Sniper" {vorpal, Acc+∞ SInv}.
The zap hits the orc.
The orc is heavily wounded.
The orc shouts!
The orc shoots a bolt.
The bolt hits you!!
Ouch! That really hurt!
* * * LOW HITPOINT WARNING * * *
You die...

#####.#######.## #.#
#.# ####.#### #.#
#.......# ##'##
#.##.##.###...##
#....##.##.....## ###
#.###.#.#.......####..
# #.#..........##.##
#@...........'..#
#.o..##..........##.##
#...# #.#.......####..
#... ..##.....## ##.
### ##...## #. ##'# #.
#####.### #.
.......######.
#.........##.


You could see an orc.

Vanquished Creatures
  An orc priest (D:3)
  A worm (D:2)
  A dart slug (D:2)
  An orc (D:2)
  4 endoplasms (D:2)
  2 giant cockroaches
  2 goblins
  A hobgoblin (D:2)
  6 ball pythons
  2 frilled lizards
  4 kobolds
  A rat (D:2)
26 creatures vanquished.

Notes
Turn   | Place    | Note
-------+----------+-------------------------------------------
     0 | D:1      | valliere the Tengu Air Elementalist began the quest for the
                  | Orb.
     0 | D:1      | Reached XP level 1. HP: 10/10 MP: 4/4
   126 | D:1      | Found Mugenye's Jewellery Boutique.
   291 | D:1      | Found Bangin's Jewellery Shop.
   536 | D:1      | Reached XP level 2. HP: 15/15 MP: 4/6
   747 | D:1      | Found Yheup's Distillery.
  1545 | D:2      | Reached skill level 1 in Ranged Weapons
  1700 | D:2      | Reached XP level 3. HP: 20/20 MP: 4/7
  2241 | D:3      | Reached skill level 1 in Fighting
  2253 | D:2      | Reached XP level 4. HP: 17/25 MP: 0/8
  2671 | D:3      | Shot with a bolt by an orc

Illustrated notes

Levels and vault maps discovered:
D:1:      ncdulo_watergridlock, layout_basic, serial_forest,
          infiniplex_forest_end_3, infiniplex_forest_lined_room_,
          infiniplex_forest_clump_medium, infiniplex_forest_zigzag_2,
          infiniplex_forest_straight_3, infiniplex_forest_clump_tiny,
          serial_shops, nicolae_shop_statue_plus, shop_fountains, shop
D:2:      layout_basic, minmay_pentomino_pile
D:3:      layout_loops_corners

Skill      XL: |  1  2  3  4 |
---------------+-------------+-----
Ranged Weapons | 1 2 |  2.0
Fighting       | 1 |  1.1
Dodging        | |  2.8
Stealth        | |  2.1
Spellcasting   | |  2.1
Conjurations   | |  1.6
Air Magic      | |  4.5

Action                   |  1- 3 |  4- 6 || total
-------------------------+-------+-------++-------
Melee: Unarmed           |     2 |       ||     2
       Dagger            |    10 |       ||    10
       Kick              |     4 |       ||     4
       Peck              |     1 |       ||     1
 Cast: Shock             |    55 |     7 ||    62
Armor: Robe              |     1 |       ||     1
Dodge: Dodged            |     7 |       ||     7

Table legend: (Time is in decaauts)
 A = Elapsed time spent in this place.
 B = Non-inter-level travel time spent in this place.
 C = Inter-level travel time spent in this place.
 D = Time resting spent in this place.
 E = Time spent auto-exploring this place.
 F = Levels seen in this place.
 G = Mean time per level.
                   A        B        C        D        E       F      G
               +--------+--------+--------+--------+--------+-----+--------+
         Total |   2669 |   2568 |    101 |      0 |   2392 |   3 |  889.7 |
       Dungeon |   2669 |   2568 |    101 |      0 |   2392 |   3 |  889.7 |
               +--------+--------+--------+--------+--------+-----+--------+

Top non-repeatable levels by time:
     D:2: 1266 daAuts
     D:1: 1061 daAuts
     D:3: 342 daAuts
